Map: Orbital Shipyard

Players

lesha - Winner!

  • Race: Terran Terran

A.I. 1 (Harder)

  • Race: Terran Terran

VOD

Have the link to the VOD?

Description

Time

  • Played on: Dec. 3, 2015, 10:08 a.m.
  • Length: 14:27
Show
View Real Time Build Order
Export as new Build Order

lesha Terran - Winner!

Build Orders: MMM Bio 

Get SALT Encoding   

  12  0:02  SCV  
  13  0:14  SCV  
  13  0:19  Supply Depot  
  14  0:26  SCV  
  15  0:40  SCV  
  15  0:42  Barracks  
  16  0:52  SCV  
  17  1:09  SCV  
  18  1:21  SCV  
  18  1:22  Command Center  
  19  1:33  Orbital Command  
  19  1:36  Marine  
  20  1:42  Refinery  
  20  1:50  Refinery  
  20  1:56  Marine  
  21  2:02  SCV  
  22  2:15  SCV  
  23  2:24  Barracks Tech Lab  
  23  2:30  Supply Depot  
  23  2:34  SCV  
  23  2:46  SCV  
  23  2:49  Orbital Command  
  24  2:58  SCV  
  25  3:04  Factory, Barracks  
  25  3:06  Barracks  
  25  3:10  SCV  
  27  3:14  Marauder  
  28  3:22  SCV  
  29  3:37  Stimpack  
  29  3:40  Marauder  
  31  3:56  Engineering Bay  
  31  3:58  Engineering Bay  
  31  4:00  SCV x2  
  33  4:11  Supply Depot  
  33  4:12  SCV x2  
  33  4:13  Barracks Reactor, Supply Depot  
  33  4:14  Barracks Reactor  
  33  4:15  Supply Depot, Factory Reactor  
  35  4:22  Starport  
  36  4:31  SCV x2  
  36  4:36  Marine  
  38  4:43  SCV x2  
  40  4:49  Terran Infantry Weapons Level 1  
  40  4:54  Marauder  
  40  4:55  SCV x2  
  40  4:56  Refinery  
  40  4:58  Refinery  
  44  5:07  SCV x2  
  44  5:08  Marine  
  44  5:09  Marine x3  
  44  5:13  Medivac  
  52  5:15  Marine, Medivac  
  55  5:22  SCV x2  
  53  5:41  Marine x4  
  48  5:59  Marine  
  48  6:00  Marine x3  
  50  6:16  Marine  
  50  6:17  Marine  
  52  6:23  Barracks  
  52  6:27  Barracks  
  52  6:29  Barracks  
  52  6:30  Supply Depot  
  52  6:33  Supply Depot  
  52  6:47  Marine x3  
  52  6:48  Marine  
  52  6:54  Supply Depot, Medivac x2  
  58  6:55  Widow Mine  
  58  6:56  Command Center  
  62  7:02  Terran Infantry Armor Level 1  
  62  7:05  Marine x3  
  65  7:13  Combat Shields  
  65  7:15  Barracks Reactor  
  65  7:16  Barracks Reactor  
  65  7:20  Marine x2  
  67  7:23  Marine  
  67  7:24  Widow Mine, Medivac x2  
  74  7:40  Supply Depot  
  74  7:43  Supply Depot x2  
  74  7:44  Marine x2  
  74  7:46  Marine x2  
  78  7:59  Medivac x2  
  78  8:04  Marine x3  
  78  8:05  Marine x6  
  91  8:20  Supply Depot  
  91  8:21  Supply Depot  
  91  8:22  Supply Depot, Marine x4  
  91  8:23  Marine x5  
  91  8:24  Command Center  
  100  8:33  Orbital Command  
  100  8:39  SCV  
  100  8:40  SCV, Marine x3  
  105  8:52  SCV x2  
  107  8:59  Supply Depot  
  107  9:01  Supply Depot  
  107  9:02  Supply Depot  
  107  9:04  SCV, Marine x3  
  107  9:05  Marine x6  
  107  9:09  Medivac  
  119  9:22  Marine x3  
  119  9:23  Supply Depot  
  122  9:25  Supply Depot  
  122  9:28  Supply Depot  
  122  9:30  Marine  
  122  9:31  Marine x5  
  124  9:34  Widow Mine  
  124  9:37  Medivac  
  132  9:39  Medivac  
  132  9:40  Marine x3  
  137  9:48  Marine x2  
  139  10:03  Widow Mine  
  141  10:07  Medivac  
  141  10:08  Marine x4  
  141  10:09  Marine x5  
  141  10:11  Medivac  
  154  10:26  Marine x5  
  154  10:27  Marine x4  
  145  10:37  Medivac  
  145  10:41  Medivac  
  149  10:44  Marine x6  
  149  10:45  Marine x3  
  155  11:02  Marine x7  
  159  11:07  Medivac  
  157  11:11  Medivac  
  157  11:15  Marine x2  
  161  11:19  Marine x2  
  161  11:20  Marine x5  
  168  11:27  Armory  
  168  11:32  Marine  
  168  11:33  Marine  
  168  11:36  Orbital Command  
  168  11:37  Marine x3  
  168  11:38  Marine x3  
  176  11:49  Refinery  
  176  11:52  Refinery  
  176  11:55  Refinery  
  168  12:28  Marine x6  
  168  12:29  Marine x3  
  177  12:31  Medivac x2  
  174  12:46  Marine x5  
  179  13:01  Medivac x2  
  183  13:34  Marine x6  
  183  13:35  Marine x3  
  192  13:52  Marine x7  
  192  13:53  Marine  
Show
View Real Time Build Order
Export as new Build Order

A.I. 1 (Harder) Terran 

Build Orders: MMM Bio 

Get SALT Encoding   

  12  0:00  SCV  
  13  0:13  SCV  
  14  0:19  Supply Depot  
  14  0:25  SCV  
  15  0:41  SCV  
  16  0:43  Barracks  
  16  0:49  Refinery  
  16  0:53  SCV  
  17  1:05  SCV  
  18  1:17  SCV  
  19  1:21  Supply Depot  
  19  1:30  SCV, Marine  
  21  1:40  Barracks  
  21  1:42  Orbital Command  
  21  1:48  Barracks Tech Lab, Refinery  
  21  2:05  Supply Depot  
  21  2:06  Marine  
  22  2:24  Marine  
  22  2:27  Marine  
  24  2:42  Marine  
  25  2:45  Marine  
  25  2:47  Supply Depot  
  26  3:00  SCV, Marine  
  26  3:03  Marine  
  29  3:11  Engineering Bay  
  29  3:12  SCV  
  30  3:18  Marauder  
  32  3:20  Marine  
  32  3:22  Supply Depot  
  32  3:24  SCV  
  34  3:36  SCV  
  34  3:38  Marine  
  34  3:39  Marine  
  38  3:48  SCV  
  38  3:57  Marauder  
  38  4:00  SCV  
  41  4:19  Marauder  
  43  4:40  Marauder  
  43  4:43  Barracks Tech Lab  
  43  4:44  Stimpack  
  43  4:45  Factory  
  45  4:48  Factory  
  45  4:49  Command Center  
  45  4:51  Supply Depot  
  45  5:01  Combat Shields  
  45  5:23  Terran Infantry Weapons Level 1  
  44  5:29  Factory Tech Lab  
  44  5:31  Widow Mine  
  44  5:32  Starport  
  43  5:35  Starport  
  43  5:47  Siege Tank  
  46  5:56  Marine  
  42  6:01  Factory Tech Lab  
  42  6:02  SCV x2  
  42  6:04  Marine  
  42  6:10  Refinery, Starport Tech Lab  
  39  6:12  Refinery  
  39  6:13  Marine, Starport Tech Lab  
  39  6:14  SCV  
  39  6:15  SCV  
  42  6:20  Concussive Shells  
  42  6:22  Marine  
  43  6:26  SCV  
  43  6:27  SCV  
  43  6:31  Marine  
  46  6:38  SCV  
  46  6:39  SCV  
  48  6:40  Marine  
  49  6:47  Siege Tank  
  49  6:50  SCV  
  49  6:51  SCV  
  54  6:55  Widow Mine  
  56  7:01  Missile Turret  
  56  7:02  SCV  
  56  7:03  SCV  
  56  7:04  Viking  
  60  7:09  Missile Turret  
  60  7:12  Raven  
  60  7:14  SCV, Missile Turret  
  60  7:15  Armory  
  63  7:17  SCV  
  63  7:18  Terran Infantry Armor Level 1  
  64  7:23  Supply Depot  
  64  7:26  SCV  
  64  7:29  SCV  
  66  7:38  SCV  
  66  7:41  SCV, Bunker, Raven  
  70  7:46  Missile Turret  
  70  7:50  SCV  
  71  7:53  Supply Depot, SCV  
  72  8:03  SCV, Thor  
  72  8:04  Sensor Tower  
  79  8:05  SCV  
  79  8:09  Bunker  
  80  8:13  Barracks  
  80  8:15  SCV  
  81  8:42  Marine  
  81  8:43  Medivac  
  81  8:45  Marine  
  81  8:47  Medivac  
  87  8:49  Factory  
  87  8:53  Command Center, Starport  
  87  8:57  Supply Depot  
  87  9:00  Barracks Reactor  
  87  9:01  Marauder  
  89  9:11  Marine  
  89  9:13  Medivac  
  91  9:17  Raven  
  91  9:22  Marine  
  94  9:24  Supply Depot  
  94  9:28  Marine  
  94  9:30  Starport Reactor  
  95  9:33  Factory Tech Lab  
  95  9:37  Marine  
  96  9:39  Marine  
  96  9:40  Marine  
  96  9:44  Terran Infantry Weapons Level 2  
  98  9:46  Marine  
  99  9:52  Supply Depot  
  99  9:55  Marine  
  99  9:58  Marauder  
  102  10:03  Terran Vehicle Weapons Level 1  
  102  10:05  Marauder  
  102  10:06  SCV x2  
  102  10:07  SCV  
  107  10:16  Missile Turret  
  107  10:18  SCV  
  107  10:19  SCV, Missile Turret, Marauder  
  107  10:20  SCV  
  112  10:27  Marine  
  108  10:30  SCV, Marine  
  108  10:33  Marine  
  102  10:40  Marine  
  100  10:45  SCV, Marine  
  100  10:48  Marine  
  96  10:51  Marine  
  78  10:58  Marauder  
  78  11:00  Raven  
  78  11:03  Marine  
  73  11:06  Marine  
  73  11:07  Raven  
  73  11:09  Marine  
  71  11:19  Marine  
  71  11:20  Medivac  
  71  11:21  Marauder  
  71  11:24  Marine  
  77  11:26  Siege Tank  
  77  11:27  Marine  
  77  11:32  Command Center  
  81  11:37  Marine  
  82  11:41  Refinery, Marine  
  82  11:42  Marine  
  82  11:43  Raven  
  82  11:44  Marine  
  87  11:52  Siege Tank  
  87  11:54  SCV  
  91  11:55  Marine  
  91  11:56  SCV  
  91  11:59  Marine  
  91  12:00  Marauder  
  95  12:02  Marine  
  95  12:06  SCV  
  81  12:10  Viking  
  81  12:13  Marine  
  81  12:14  Command Center  
  73  12:22  Marauder  
  54  12:41  Hellion  
  54  12:43  Marine  
  27  13:00  Marine  
  18  13:09  SCV x2  
  17  13:18  Marine  
  18  13:20  Hellion  
  18  13:21  SCV  
  21  13:27  SCV  
  21  13:31  SCV  
  22  13:36  SCV  
  22  13:39  Command Center  
  22  13:41  Marine  
  22  13:44  SCV  
  21  13:56  Hellion  
  21  13:59  Marine  
  23  14:07  SCV  
Tags
 
Add a new tag
Caveats
  • Supply blocks, unpowered buildings, or Contaminate may cause inaccurate times.
  • Supply counts are checked every 10 seconds.